Workbook

Sheet 3819 PROYECTO DETERMINACIÓN ...
A1: Tipo Informe | B1: 32 | C1: 32-CALIFICACIÓN Y GRADUACIÓN DE CRÉDITOS Y DERECHO
A2: Formulario | B2: 3819 | C2: PROYECTO DETERMINACIÓN DE DERECHOS DE VOTO 819 | L2: 12000000000
A3: Moneda Informe | B3: 1 | L3: =L2/8000 -> 1500000
A4: Entidad | B4: 811012461 | L4: =L3*70 -> 105000000
A5: Fecha | B5: 45543
A6: Periodicidad | B6: 1 | C6: NO APLICA
A9: CLASE A
A10: Nombre o Razón Social | B10: Nit o Cédula de Ciudadanía | C10: Dirección de Notificación | D10: Ciudad o Municipio | E10: País | F10: Tipo de Vinculo con el Deudor, Socios, Admon o Controlante? | G10: fecha inicial | H10: ipc | I10: ipc indexacion | J10: factor | K10: No de la Obligación | L10: Saldo de Capital por Pagar | M10: Saldo Capital Vencido | N10: Valor Capital Vencido-Actualizado IPC DANE | O10: Derechos de Voto | P10: Participación Derechos de Voto (%)
A11: ='3820 PASIVOS CALIFICACIÓN Y ...'!A10 -> CLAUDIA PAOLA PAEZ CARDENAS | B11: ='3820 PASIVOS CALIFICACIÓN Y ...'!B10 -> 1121933265 | C11: PARQUE INDUSTRIAL CELTA BOD. 144 | D11: 25473 MOSQUERA-CUNDINAMARCA | E11: 80 80 - COLOMBIA | F11: 5 NINGUNO | K11: PRIMA SERVICIOS | L11: ='3820 PASIVOS CALIFICACIÓN Y ...'!G10 -> 590867 | M11: =L11 -> 590867 | N11: =M11 -> 590867 | O11: =N11 -> 590867 | P11: =O11/$O$505 -> 0.00013359485
A12: ='3820 PASIVOS CALIFICACIÓN Y ...'!A11 -> CLAUDIA PAOLA PAEZ CARDENAS | B12: ='3820 PASIVOS CALIFICACIÓN Y ...'!B11 -> 1121933265 | C12: PARQUE INDUSTRIAL CELTA BOD. 144 | D12: 25473 MOSQUERA-CUNDINAMARCA | E12: 80 80 - COLOMBIA | F12: 5 NINGUNO | K12: CESANTIAS | L12: ='3820 PASIVOS CALIFICACIÓN Y ...'!G11 -> 1795173 | M12: =L12 -> 1795173 | N12: =M12 -> 1795173 | O12: =N12 -> 1795173 | P12: =O12/$O$505 -> 0.00040588807
A13: ='3820 PASIVOS CALIFICACIÓN Y ...'!A12 -> CLAUDIA PAOLA PAEZ CARDENAS | B13: ='3820 PASIVOS CALIFICACIÓN Y ...'!B12 -> 1121933265 | C13: PARQUE INDUSTRIAL CELTA BOD. 144 | D13: 25473 MOSQUERA-CUNDINAMARCA | E13: 80 80 - COLOMBIA | F13: 5 NINGUNO | K13: INTERES CESANTIAS | L13: ='3820 PASIVOS CALIFICACIÓN Y ...'!G12 -> 157976 | M13: =L13 -> 157976 | N13: =M13 -> 157976 | O13: =N13 -> 157976 | P13: =O13/$O$505 -> 3.5718326e-05
A14: ='3820 PASIVOS CALIFICACIÓN Y ...'!A13 -> CLAUDIA PAOLA PAEZ CARDENAS | B14: ='3820 PASIVOS CALIFICACIÓN Y ...'!B13 -> 1121933265 | C14: PARQUE INDUSTRIAL CELTA BOD. 144 | D14: 25473 MOSQUERA-CUNDINAMARCA | E14: 80 80 - COLOMBIA | F14: 5 NINGUNO | K14: VACACIONES | L14: ='3820 PASIVOS CALIFICACIÓN Y ...'!G13 -> 326807 | M14: =L14 -> 326807 | N14: =M14 -> 326807 | O14: =N14 -> 326807 | P14: =O14/$O$505 -> 7.3890964e-05
A15: Total CLAUDIA PAOLA PAEZ CARDENAS | L15: =SUBTOTAL(9,L11:L14) -> 2870823 | M15: =SUBTOTAL(9,M11:M14) -> 2870823 | N15: =SUBTOTAL(9,N11:N14) -> 2870823 | O15: =SUBTOTAL(9,O11:O14) -> 2870823 | P15: =SUBTOTAL(9,P11:P14) -> 0.00064909221
A16: ='3820 PASIVOS CALIFICACIÓN Y ...'!A15 -> DANIEL HERNANDO GOMEZ GOMEZ | B16: ='3820 PASIVOS CALIFICACIÓN Y ...'!B15 -> 79946374 | C16: PARQUE INDUSTRIAL CELTA BOD. 144 | D16: 25473 MOSQUERA-CUNDINAMARCA | E16: 80 80 - COLOMBIA | F16: 5 NINGUNO | K16: PRIMA SERVICIOS | L16: ='3820 PASIVOS CALIFICACIÓN Y ...'!G15 -> 1983333 | M16: =L16 -> 1983333 | N16: =M16 -> 1983333 | O16: =N16 -> 1983333 | P16: =O16/$O$505 -> 0.00044843099
A17: ='3820 PASIVOS CALIFICACIÓN Y ...'!A16 -> DANIEL HERNANDO GOMEZ GOMEZ | B17: ='3820 PASIVOS CALIFICACIÓN Y ...'!B16 -> 79946374 | C17: PARQUE INDUSTRIAL CELTA BOD. 144 | D17: 25473 MOSQUERA-CUNDINAMARCA | E17: 80 80 - COLOMBIA | F17: 5 NINGUNO | K17: CESANTIAS | L17: ='3820 PASIVOS CALIFICACIÓN Y ...'!G16 -> 6233333 | M17: =L17 -> 6233333 | N17: =M17 -> 6233333 | O17: =N17 -> 6233333 | P17: =O17/$O$505 -> 0.0014093547
A18: ='3820 PASIVOS CALIFICACIÓN Y ...'!A17 -> DANIEL HERNANDO GOMEZ GOMEZ | B18: ='3820 PASIVOS CALIFICACIÓN Y ...'!B17 -> 79946374 | C18: PARQUE INDUSTRIAL CELTA BOD. 144 | D18: 25473 MOSQUERA-CUNDINAMARCA | E18: 80 80 - COLOMBIA | F18: 5 NINGUNO | K18: INTERES CESANTIAS | L18: ='3820 PASIVOS CALIFICACIÓN Y ...'!G17 -> 548533 | M18: =L18 -> 548533 | N18: =M18 -> 548533 | O18: =N18 -> 548533 | P18: =O18/$O$505 -> 0.00012402315
A19: ='3820 PASIVOS CALIFICACIÓN Y ...'!A18 -> DANIEL HERNANDO GOMEZ GOMEZ | B19: ='3820 PASIVOS CALIFICACIÓN Y ...'!B18 -> 79946374 | C19: PARQUE INDUSTRIAL CELTA BOD. 144 | D19: 25473 MOSQUERA-CUNDINAMARCA | E19: 80 80 - COLOMBIA | F19: 5 NINGUNO | K19: VACACIONES | L19: ='3820 PASIVOS CALIFICACIÓN Y ...'!G18 -> 5023925 | M19: =L19 -> 5023925 | N19: =M19 -> 5023925 | O19: =N19 -> 5023925 | P19: =O19/$O$505 -> 0.0011359079
A20: Total DANIEL HERNANDO GOMEZ GOMEZ | L20: =SUBTOTAL(9,L16:L19) -> 13789124 | M20: =SUBTOTAL(9,M16:M19) -> 13789124 | N20: =SUBTOTAL(9,N16:N19) -> 13789124 | O20: =SUBTOTAL(9,O16:O19) -> 13789124 | P20: =SUBTOTAL(9,P16:P19) -> 0.0031177168
A21: ='3820 PASIVOS CALIFICACIÓN Y ...'!A20 -> DANIELA CADENA PEÑA | B21: ='3820 PASIVOS CALIFICACIÓN Y ...'!B20 -> 1073254222 | C21: PARQUE INDUSTRIAL CELTA BOD. 144 | D21: 25473 MOSQUERA-CUNDINAMARCA | E21: 80 80 - COLOMBIA | F21: 5 NINGUNO | K21: PRIMA SERVICIOS | L21: ='3820 PASIVOS CALIFICACIÓN Y ...'!G20 -> 231311 | M21: =L21 -> 231311 | N21: =M21 -> 231311 | O21: =N21 -> 231311 | P21: =O21/$O$505 -> 5.2299347e-05
A22: ='3820 PASIVOS CALIFICACIÓN Y ...'!A21 -> DANIELA CADENA PEÑA | B22: ='3820 PASIVOS CALIFICACIÓN Y ...'!B21 -> 1073254222 | C22: PARQUE INDUSTRIAL CELTA BOD. 144 | D22: 25473 MOSQUERA-CUNDINAMARCA | E22: 80 80 - COLOMBIA | F22: 5 NINGUNO | K22: CESANTIAS | L22: ='3820 PASIVOS CALIFICACIÓN Y ...'!G21 -> 231311 | M22: =L22 -> 231311 | N22: =M22 -> 231311 | O22: =N22 -> 231311 | P22: =O22/$O$505 -> 5.2299347e-05
A23: ='3820 PASIVOS CALIFICACIÓN Y ...'!A22 -> DANIELA CADENA PEÑA | B23: ='3820 PASIVOS CALIFICACIÓN Y ...'!B22 -> 1073254222 | C23: PARQUE INDUSTRIAL CELTA BOD. 144 | D23: 25473 MOSQUERA-CUNDINAMARCA | E23: 80 80 - COLOMBIA | F23: 5 NINGUNO | K23: INTERES CESANTIAS | L23: ='3820 PASIVOS CALIFICACIÓN Y ...'!G22 -> 4164 | M23: =L23 -> 4164 | N23: =M23 -> 4164 | O23: =N23 -> 4164 | P23: =O23/$O$505 -> 9.4147914e-07
A24: ='3820 PASIVOS CALIFICACIÓN Y ...'!A23 -> DANIELA CADENA PEÑA | B24: ='3820 PASIVOS CALIFICACIÓN Y ...'!B23 -> 1073254222 | C24: PARQUE INDUSTRIAL CELTA BOD. 144 | D24: 25473 MOSQUERA-CUNDINAMARCA | E24: 80 80 - COLOMBIA | F24: 5 NINGUNO | K24: VACACIONES | L24: ='3820 PASIVOS CALIFICACIÓN Y ...'!G23 -> 97500 | M24: =L24 -> 97500 | N24: =M24 -> 97500 | O24: =N24 -> 97500 | P24: =O24/$O$505 -> 2.204472e-05
A25: Total DANIELA CADENA PEÑA | L25: =SUBTOTAL(9,L21:L24) -> 564286 | M25: =SUBTOTAL(9,M21:M24) -> 564286 | N25: =SUBTOTAL(9,N21:N24) -> 564286 | O25: =SUBTOTAL(9,O21:O24) -> 564286 | P25: =SUBTOTAL(9,P21:P24) -> 0.00012758489
A26: ='3820 PASIVOS CALIFICACIÓN Y ...'!A25 -> DAVID ESTEBAN LAGUNA OSORIO | B26: ='3820 PASIVOS CALIFICACIÓN Y ...'!B25 -> 811012461 | C26: PARQUE INDUSTRIAL CELTA BOD. 144 | D26: 25473 MOSQUERA-CUNDINAMARCA | E26: 80 80 - COLOMBIA | F26: 5 NINGUNO | K26: PRIMA SERVICIOS | L26: ='3820 PASIVOS CALIFICACIÓN Y ...'!G25 -> 925838 | M26: =L26 -> 925838 | N26: =M26 -> 925838 | O26: =N26 -> 925838 | P26: =O26/$O$505 -> 0.00020933169
A27: ='3820 PASIVOS CALIFICACIÓN Y ...'!A26 -> DAVID ESTEBAN LAGUNA OSORIO | B27: ='3820 PASIVOS CALIFICACIÓN Y ...'!B26 -> 811012461 | C27: PARQUE INDUSTRIAL CELTA BOD. 144 | D27: 25473 MOSQUERA-CUNDINAMARCA | E27: 80 80 - COLOMBIA | F27: 5 NINGUNO | K27: CESANTIAS | L27: ='3820 PASIVOS CALIFICACIÓN Y ...'!G26 -> 3628114 | M27: =L27 -> 3628114 | N27: =M27 -> 3628114 | O27: =N27 -> 3628114 | P27: =O27/$O$505 -> 0.00082031548
A28: ='3820 PASIVOS CALIFICACIÓN Y ...'!A27 -> DAVID ESTEBAN LAGUNA OSORIO | B28: ='3820 PASIVOS CALIFICACIÓN Y ...'!B27 -> 811012461 | C28: PARQUE INDUSTRIAL CELTA BOD. 144 | D28: 25473 MOSQUERA-CUNDINAMARCA | E28: 80 80 - COLOMBIA | F28: 5 NINGUNO | K28: INTERES CESANTIAS | L28: ='3820 PASIVOS CALIFICACIÓN Y ...'!G27 -> 291458 | M28: =L28 -> 291458 | N28: =M28 -> 291458 | O28: =N28 -> 291458 | P28: =O28/$O$505 -> 6.5898566e-05
A29: ='3820 PASIVOS CALIFICACIÓN Y ...'!A28 -> DAVID ESTEBAN LAGUNA OSORIO | B29: ='3820 PASIVOS CALIFICACIÓN Y ...'!B28 -> 811012461 | C29: PARQUE INDUSTRIAL CELTA BOD. 144 | D29: 25473 MOSQUERA-CUNDINAMARCA | E29: 80 80 - COLOMBIA | F29: 5 NINGUNO | K29: VACACIONES | L29: ='3820 PASIVOS CALIFICACIÓN Y ...'!G28 -> 2125205 | M29: =L29 -> 2125205 | N29: =M29 -> 2125205 | O29: =N29 -> 2125205 | P29: =O29/$O$505 -> 0.00048050821
A30: Total DAVID ESTEBAN LAGUNA OSORIO | L30: =SUBTOTAL(9,L26:L29) -> 6970615 | M30: =SUBTOTAL(9,M26:M29) -> 6970615 | N30: =SUBTOTAL(9,N26:N29) -> 6970615 | O30: =SUBTOTAL(9,O26:O29) -> 6970615 | P30: =SUBTOTAL(9,P26:P29) -> 0.0015760539
A31: ='3820 PASIVOS CALIFICACIÓN Y ...'!A30 -> DIANA MARCELA AMAYA PULIDO | B31: ='3820 PASIVOS CALIFICACIÓN Y ...'!B30 -> 53893563 | C31: PARQUE INDUSTRIAL CELTA BOD. 144 | D31: 25473 MOSQUERA-CUNDINAMARCA | E31: 80 80 - COLOMBIA | F31: 5 NINGUNO | K31: PRIMA SERVICIOS | L31: ='3820 PASIVOS CALIFICACIÓN Y ...'!G30 -> 285917 | M31: =L31 -> 285917 | N31: =M31 -> 285917 | O31: =N31 -> 285917 | P31: =O31/$O$505 -> 6.4645747e-05
A32: ='3820 PASIVOS CALIFICACIÓN Y ...'!A31 -> DIANA MARCELA AMAYA PULIDO | B32: ='3820 PASIVOS CALIFICACIÓN Y ...'!B31 -> 53893563 | C32: PARQUE INDUSTRIAL CELTA BOD. 144 | D32: 25473 MOSQUERA-CUNDINAMARCA | E32: 80 80 - COLOMBIA | F32: 5 NINGUNO | K32: CESANTIAS | L32: ='3820 PASIVOS CALIFICACIÓN Y ...'!G31 -> 497225 | M32: =L32 -> 497225 | N32: =M32 -> 497225 | O32: =N32 -> 497225 | P32: =O32/$O$505 -> 0.00011242242
A33: ='3820 PASIVOS CALIFICACIÓN Y ...'!A32 -> DIANA MARCELA AMAYA PULIDO | B33: ='3820 PASIVOS CALIFICACIÓN Y ...'!B32 -> 53893563 | C33: PARQUE INDUSTRIAL CELTA BOD. 144 | D33: 25473 MOSQUERA-CUNDINAMARCA | E33: 80 80 - COLOMBIA | F33: 5 NINGUNO | K33: INTERES CESANTIAS | L33: ='3820 PASIVOS CALIFICACIÓN Y ...'!G32 -> 19725 | M33: =L33 -> 19725 | N33: =M33 -> 19725 | O33: =N33 -> 19725 | P33: =O33/$O$505 -> 4.4598165e-06
A34: ='3820 PASIVOS CALIFICACIÓN Y ...'!A33 -> DIANA MARCELA AMAYA PULIDO | B34: ='3820 PASIVOS CALIFICACIÓN Y ...'!B33 -> 53893563 | C34: PARQUE INDUSTRIAL CELTA BOD. 144 | D34: 25473 MOSQUERA-CUNDINAMARCA | E34: 80 80 - COLOMBIA | F34: 5 NINGUNO | K34: VACACIONES | L34: ='3820 PASIVOS CALIFICACIÓN Y ...'!G33 -> 207939 | M34: =L34 -> 207939 | N34: =M34 -> 207939 | O34: =N34 -> 207939 | P34: =O34/$O$505 -> 4.7014945e-05
A35: Total DIANA MARCELA AMAYA PULIDO | L35: =SUBTOTAL(9,L31:L34) -> 1010806 | M35: =SUBTOTAL(9,M31:M34) -> 1010806 | N35: =SUBTOTAL(9,N31:N34) -> 1010806 | O35: =SUBTOTAL(9,O31:O34) -> 1010806 | P35: =SUBTOTAL(9,P31:P34) -> 0.00022854293
A36: ='3820 PASIVOS CALIFICACIÓN Y ...'!A35 -> GINA PAOLA QUIROGA MOLANO | B36: ='3820 PASIVOS CALIFICACIÓN Y ...'!B35 -> 53097194 | C36: PARQUE INDUSTRIAL CELTA BOD. 144 | D36: 25473 MOSQUERA-CUNDINAMARCA | E36: 80 80 - COLOMBIA | F36: 5 NINGUNO | K36: PRIMA SERVICIOS | L36: ='3820 PASIVOS CALIFICACIÓN Y ...'!G35 -> 1048533 | M36: =L36 -> 1048533 | N36: =M36 -> 1048533 | O36: =N36 -> 1048533 | P36: =O36/$O$505 -> 0.00023707299
A37: ='3820 PASIVOS CALIFICACIÓN Y ...'!A36 -> GINA PAOLA QUIROGA MOLANO | B37: ='3820 PASIVOS CALIFICACIÓN Y ...'!B36 -> 53097194 | C37: PARQUE INDUSTRIAL CELTA BOD. 144 | D37: 25473 MOSQUERA-CUNDINAMARCA | E37: 80 80 - COLOMBIA | F37: 5 NINGUNO | K37: CESANTIAS | L37: ='3820 PASIVOS CALIFICACIÓN Y ...'!G36 -> 3186915 | M37: =L37 -> 3186915 | N37: =M37 -> 3186915 | O37: =N37 -> 3186915 | P37: =O37/$O$505 -> 0.00072056052
A38: ='3820 PASIVOS CALIFICACIÓN Y ...'!A37 -> GINA PAOLA QUIROGA MOLANO | B38: ='3820 PASIVOS CALIFICACIÓN Y ...'!B37 -> 53097194 | C38: PARQUE INDUSTRIAL CELTA BOD. 144 | D38: 25473 MOSQUERA-CUNDINAMARCA | E38: 80 80 - COLOMBIA | F38: 5 NINGUNO | K38: INTERES CESANTIAS | L38: ='3820 PASIVOS CALIFICACIÓN Y ...'!G37 -> 280449 | M38: =L38 -> 280449 | N38: =M38 -> 280449 | O38: =N38 -> 280449 | P38: =O38/$O$505 -> 6.3409434e-05
A39: ='3820 PASIVOS CALIFICACIÓN Y ...'!A38 -> GINA PAOLA QUIROGA MOLANO | B39: ='3820 PASIVOS CALIFICACIÓN Y ...'!B38 -> 53097194 | C39: PARQUE INDUSTRIAL CELTA BOD. 144 | D39: 25473 MOSQUERA-CUNDINAMARCA | E39: 80 80 - COLOMBIA | F39: 5 NINGUNO | K39: VACACIONES | L39: ='3820 PASIVOS CALIFICACIÓN Y ...'!G38 -> 3440912 | M39: =L39 -> 3440912 | N39: =M39 -> 3440912 | O39: =N39 -> 3440912 | P39: =O39/$O$505 -> 0.00077798916
A40: Total GINA PAOLA QUIROGA MOLANO | L40: =SUBTOTAL(9,L36:L39) -> 7956809 | M40: =SUBTOTAL(9,M36:M39) -> 7956809 | N40: =SUBTOTAL(9,N36:N39) -> 7956809 | O40: =SUBTOTAL(9,O36:O39) -> 7956809 | P40: =SUBTOTAL(9,P36:P39) -> 0.0017990321
A41: ='3820 PASIVOS CALIFICACIÓN Y ...'!A40 -> GISELA EMILSE GONZALES RAMOS | B41: ='3820 PASIVOS CALIFICACIÓN Y ...'!B40 -> 1003566790 | C41: PARQUE INDUSTRIAL CELTA BOD. 144 | D41: 25473 MOSQUERA-CUNDINAMARCA | E41: 80 80 - COLOMBIA | F41: 5 NINGUNO | K41: PRIMA SERVICIOS | L41: ='3820 PASIVOS CALIFICACIÓN Y ...'!G40 -> 427971 | M41: =L41 -> 427971 | N41: =M41 -> 427971 | O41: =N41 -> 427971 | P41: =O41/$O$505 -> 9.6764113e-05
A42: ='3820 PASIVOS CALIFICACIÓN Y ...'!A41 -> GISELA EMILSE GONZALES RAMOS | B42: ='3820 PASIVOS CALIFICACIÓN Y ...'!B41 -> 1003566790 | C42: PARQUE INDUSTRIAL CELTA BOD. 144 | D42: 25473 MOSQUERA-CUNDINAMARCA | E42: 80 80 - COLOMBIA | F42: 5 NINGUNO | K42: CESANTIAS | L42: ='3820 PASIVOS CALIFICACIÓN Y ...'!G41 -> 1345051 | M42: =L42 -> 1345051 | N42: =M42 -> 1345051 | O42: =N42 -> 1345051 | P42: =O42/$O$505 -> 0.00030411562
A43: ='3820 PASIVOS CALIFICACIÓN Y ...'!A42 -> GISELA EMILSE GONZALES RAMOS | B43: ='3820 PASIVOS CALIFICACIÓN Y ...'!B42 -> 1003566790 | C43: PARQUE INDUSTRIAL CELTA BOD. 144 | D43: 25473 MOSQUERA-CUNDINAMARCA | E43: 80 80 - COLOMBIA | F43: 5 NINGUNO | K43: INTERES CESANTIAS | L43: ='3820 PASIVOS CALIFICACIÓN Y ...'!G42 -> 118365 | M43: =L43 -> 118365 | N43: =M43 -> 118365 | O43: =N43 -> 118365 | P43: =O43/$O$505 -> 2.6762291e-05
A44: ='3820 PASIVOS CALIFICACIÓN Y ...'!A43 -> GISELA EMILSE GONZALES RAMOS | B44: ='3820 PASIVOS CALIFICACIÓN Y ...'!B43 -> 1003566790 | C44: PARQUE INDUSTRIAL CELTA BOD. 144 | D44: 25473 MOSQUERA-CUNDINAMARCA | E44: 80 80 - COLOMBIA | F44: 5 NINGUNO | K44: VACACIONES | L44: ='3820 PASIVOS CALIFICACIÓN Y ...'!G43 -> 311267 | M44: =L44 -> 311267 | N44: =M44 -> 311267 | O44: =N44 -> 311267 | P44: =O44/$O$505 -> 7.0377374e-05
A45: Total GISELA EMILSE GONZALES RAMOS | L45: =SUBTOTAL(9,L41:L44) -> 2202654 | M45: =SUBTOTAL(9,M41:M44) -> 2202654 | N45: =SUBTOTAL(9,N41:N44) -> 2202654 | O45: =SUBTOTAL(9,O41:O44) -> 2202654 | P45: =SUBTOTAL(9,P41:P44) -> 0.0004980194
A46: ='3820 PASIVOS CALIFICACIÓN Y ...'!A45 -> JEIDY ALEXANDRA MANJARREZ ROMERO | B46: ='3820 PASIVOS CALIFICACIÓN Y ...'!B45 -> 1074190602 | C46: PARQUE INDUSTRIAL CELTA BOD. 144 | D46: 25473 MOSQUERA-CUNDINAMARCA | E46: 80 80 - COLOMBIA | F46: 5 NINGUNO | K46: PRIMA SERVICIOS | L46: ='3820 PASIVOS CALIFICACIÓN Y ...'!G45 -> 255380 | M46: =L46 -> 255380 | N46: =M46 -> 255380 | O46: =N46 -> 255380 | P46: =O46/$O$505 -> 5.7741341e-05
A47: ='3820 PASIVOS CALIFICACIÓN Y ...'!A46 -> JEIDY ALEXANDRA MANJARREZ ROMERO | B47: ='3820 PASIVOS CALIFICACIÓN Y ...'!B46 -> 1074190602 | C47: PARQUE INDUSTRIAL CELTA BOD. 144 | D47: 25473 MOSQUERA-CUNDINAMARCA | E47: 80 80 - COLOMBIA | F47: 5 NINGUNO | K47: CESANTIAS | L47: ='3820 PASIVOS CALIFICACIÓN Y ...'!G46 -> 1045362 | M47: =L47 -> 1045362 | N47: =M47 -> 1045362 | O47: =N47 -> 1045362 | P47: =O47/$O$505 -> 0.00023635603
A48: ='3820 PASIVOS CALIFICACIÓN Y ...'!A47 -> JEIDY ALEXANDRA MANJARREZ ROMERO | B48: ='3820 PASIVOS CALIFICACIÓN Y ...'!B47 -> 1074190602 | C48: PARQUE INDUSTRIAL CELTA BOD. 144 | D48: 25473 MOSQUERA-CUNDINAMARCA | E48: 80 80 - COLOMBIA | F48: 5 NINGUNO | K48: INTERES CESANTIAS | L48: ='3820 PASIVOS CALIFICACIÓN Y ...'!G47 -> 83978 | M48: =L48 -> 83978 | N48: =M48 -> 83978 | O48: =N48 -> 83978 | P48: =O48/$O$505 -> 1.89874e-05
A49: ='3820 PASIVOS CALIFICACIÓN Y ...'!A48 -> JEIDY ALEXANDRA MANJARREZ ROMERO | B49: ='3820 PASIVOS CALIFICACIÓN Y ...'!B48 -> 1074190602 | C49: PARQUE INDUSTRIAL CELTA BOD. 144 | D49: 25473 MOSQUERA-CUNDINAMARCA | E49: 80 80 - COLOMBIA | F49: 5 NINGUNO | K49: VACACIONES | L49: ='3820 PASIVOS CALIFICACIÓN Y ...'!G48 -> 433559 | M49: =L49 -> 433559 | N49: =M49 -> 433559 | O49: =N49 -> 433559 | P49: =O49/$O$505 -> 9.8027559e-05
A50: Total JEIDY ALEXANDRA MANJARREZ ROMERO | L50: =SUBTOTAL(9,L46:L49) -> 1818279 | M50: =SUBTOTAL(9,M46:M49) -> 1818279 | N50: =SUBTOTAL(9,N46:N49) -> 1818279 | O50: =SUBTOTAL(9,O46:O49) -> 1818279 | P50: =SUBTOTAL(9,P46:P49) -> 0.00041111233
A51: ='3820 PASIVOS CALIFICACIÓN Y ...'!A50 -> JUAN MANUEL APONTE BARRAGAN | B51: ='3820 PASIVOS CALIFICACIÓN Y ...'!B50 -> 79859740 | C51: PARQUE INDUSTRIAL CELTA BOD. 144 | D51: 25473 MOSQUERA-CUNDINAMARCA | E51: 80 80 - COLOMBIA | F51: 5 NINGUNO | K51: PRIMA SERVICIOS | L51: ='3820 PASIVOS CALIFICACIÓN Y ...'!G50 -> 511857 | M51: =L51 -> 511857 | N51: =M51 -> 511857 | O51: =N51 -> 511857 | P51: =O51/$O$505 -> 0.00011573071
A52: ='3820 PASIVOS CALIFICACIÓN Y ...'!A51 -> JUAN MANUEL APONTE BARRAGAN | B52: ='3820 PASIVOS CALIFICACIÓN Y ...'!B51 -> 79859740 | C52: PARQUE INDUSTRIAL CELTA BOD. 144 | D52: 25473 MOSQUERA-CUNDINAMARCA | E52: 80 80 - COLOMBIA | F52: 5 NINGUNO | K52: CESANTIAS | L52: ='3820 PASIVOS CALIFICACIÓN Y ...'!G51 -> 1310114 | M52: =L52 -> 1310114 | N52: =M52 -> 1310114 | O52: =N52 -> 1310114 | P52: =O52/$O$505 -> 0.00029621638
A53: ='3820 PASIVOS CALIFICACIÓN Y ...'!A52 -> JUAN MANUEL APONTE BARRAGAN | B53: ='3820 PASIVOS CALIFICACIÓN Y ...'!B52 -> 79859740 | C53: PARQUE INDUSTRIAL CELTA BOD. 144 | D53: 25473 MOSQUERA-CUNDINAMARCA | E53: 80 80 - COLOMBIA | F53: 5 NINGUNO | K53: INTERES CESANTIAS | L53: ='3820 PASIVOS CALIFICACIÓN Y ...'!G52 -> 93892 | M53: =L53 -> 93892 | N53: =M53 -> 93892 | O53: =N53 -> 93892 | P53: =O53/$O$505 -> 2.1228953e-05
A54: ='3820 PASIVOS CALIFICACIÓN Y ...'!A53 -> JUAN MANUEL APONTE BARRAGAN | B54: ='3820 PASIVOS CALIFICACIÓN Y ...'!B53 -> 79859740 | C54: PARQUE INDUSTRIAL CELTA BOD. 144 | D54: 25473 MOSQUERA-CUNDINAMARCA | E54: 80 80 - COLOMBIA | F54: 5 NINGUNO | K54: VACACIONES | L54: ='3820 PASIVOS CALIFICACIÓN Y ...'!G53 -> 606678 | M54: =L54 -> 606678 | N54: =M54 -> 606678 | O54: =N54 -> 606678 | P54: =O54/$O$505 -> 0.00013716971
A55: Total JUAN MANUEL APONTE BARRAGAN | L55: =SUBTOTAL(9,L51:L54) -> 2522541 | M55: =SUBTOTAL(9,M51:M54) -> 2522541 | N55: =SUBTOTAL(9,N51:N54) -> 2522541 | O55: =SUBTOTAL(9,O51:O54) -> 2522541 | P55: =SUBTOTAL(9,P51:P54) -> 0.00057034576
A56: ='3820 PASIVOS CALIFICACIÓN Y ...'!A55 -> LINA MARIA SANTAMARIA ALVAREZ | B56: ='3820 PASIVOS CALIFICACIÓN Y ...'!B55 -> 1016025738 | C56: PARQUE INDUSTRIAL CELTA BOD. 144 | D56: 25473 MOSQUERA-CUNDINAMARCA | E56: 80 80 - COLOMBIA | F56: 5 NINGUNO | K56: PRIMA SERVICIOS | L56: ='3820 PASIVOS CALIFICACIÓN Y ...'!G55 -> 1633333 | M56: =L56 -> 1633333 | N56: =M56 -> 1633333 | O56: =N56 -> 1633333 | P56: =O56/$O$505 -> 0.0003692961
A57: ='3820 PASIVOS CALIFICACIÓN Y ...'!A56 -> LINA MARIA SANTAMARIA ALVAREZ | B57: ='3820 PASIVOS CALIFICACIÓN Y ...'!B56 -> 1016025738 | C57: PARQUE INDUSTRIAL CELTA BOD. 144 | D57: 25473 MOSQUERA-CUNDINAMARCA | E57: 80 80 - COLOMBIA | F57: 5 NINGUNO | K57: CESANTIAS | L57: ='3820 PASIVOS CALIFICACIÓN Y ...'!G56 -> 5133333 | M57: =L57 -> 5133333 | N57: =M57 -> 5133333 | O57: =N57 -> 5133333 | P57: =O57/$O$505 -> 0.001160645
A58: ='3820 PASIVOS CALIFICACIÓN Y ...'!A57 -> LINA MARIA SANTAMARIA ALVAREZ | B58: ='3820 PASIVOS CALIFICACIÓN Y ...'!B57 -> 1016025738 | C58: PARQUE INDUSTRIAL CELTA BOD. 144 | D58: 25473 MOSQUERA-CUNDINAMARCA | E58: 80 80 - COLOMBIA | F58: 5 NINGUNO | K58: INTERES CESANTIAS | L58: ='3820 PASIVOS CALIFICACIÓN Y ...'!G57 -> 451734 | M58: =L58 -> 451734 | N58: =M58 -> 451734 | O58: =N58 -> 451734 | P58: =O58/$O$505 -> 0.00010213692
A59: ='3820 PASIVOS CALIFICACIÓN Y ...'!A58 -> LINA MARIA SANTAMARIA ALVAREZ | B59: ='3820 PASIVOS CALIFICACIÓN Y ...'!B58 -> 1016025738 | C59: PARQUE INDUSTRIAL CELTA BOD. 144 | D59: 25473 MOSQUERA-CUNDINAMARCA | E59: 80 80 - COLOMBIA | F59: 5 NINGUNO | K59: VACACIONES | L59: ='3820 PASIVOS CALIFICACIÓN Y ...'!G58 -> 2897230 | M59: =L59 -> 2897230 | N59: =M59 -> 2897230 | O59: =N59 -> 2897230 | P59: =O59/$O$505 -> 0.00065506283
A60: Total LINA MARIA SANTAMARIA ALVAREZ | L60: =SUBTOTAL(9,L56:L59) -> 10115630 | M60: =SUBTOTAL(9,M56:M59) -> 10115630 | N60: =SUBTOTAL(9,N56:N59) -> 10115630 | O60: =SUBTOTAL(9,O56:O59) -> 10115630 | P60: =SUBTOTAL(9,P56:P59) -> 0.0022871409
A61: ='3820 PASIVOS CALIFICACIÓN Y ...'!A60 -> LINA MERCEDES MAYA SALAZAR | B61: ='3820 PASIVOS CALIFICACIÓN Y ...'!B60 -> 43555162 | C61: PARQUE INDUSTRIAL CELTA BOD. 144 | D61: 25473 MOSQUERA-CUNDINAMARCA | E61: 80 80 - COLOMBIA | F61: 5 NINGUNO | K61: VACACIONES | L61: ='3820 PASIVOS CALIFICACIÓN Y ...'!G60 -> 2602617 | M61: =L61 -> 2602617 | N61: =M61 -> 2602617 | O61: =N61 -> 2602617 | P61: =O61/$O$505 -> 0.00058845092
A62: Total LINA MERCEDES MAYA SALAZAR | L62: =SUBTOTAL(9,L61:L61) -> 2602617 | M62: =SUBTOTAL(9,M61:M61) -> 2602617 | N62: =SUBTOTAL(9,N61:N61) -> 2602617 | O62: =SUBTOTAL(9,O61:O61) -> 2602617 | P62: =SUBTOTAL(9,P61:P61) -> 0.00058845092
A63: ='3820 PASIVOS CALIFICACIÓN Y ...'!A62 -> MARIA CONSUELO PAREJA SIERRA | B63: ='3820 PASIVOS CALIFICACIÓN Y ...'!B62 -> 52416735 | C63: PARQUE INDUSTRIAL CELTA BOD. 144 | D63: 25473 MOSQUERA-CUNDINAMARCA | E63: 80 80 - COLOMBIA | F63: 5 NINGUNO | K63: VACACIONES | L63: ='3820 PASIVOS CALIFICACIÓN Y ...'!G62 -> 13452399 | M63: =L63 -> 13452399 | N63: =M63 -> 13452399 | O63: =N63 -> 13452399 | P63: =O63/$O$505 -> 0.0030415833
A64: Total MARIA CONSUELO PAREJA SIERRA | L64: =SUBTOTAL(9,L63:L63) -> 13452399 | M64: =SUBTOTAL(9,M63:M63) -> 13452399 | N64: =SUBTOTAL(9,N63:N63) -> 13452399 | O64: =SUBTOTAL(9,O63:O63) -> 13452399 | P64: =SUBTOTAL(9,P63:P63) -> 0.0030415833
A65: ='3820 PASIVOS CALIFICACIÓN Y ...'!A64 -> MAYRA ALEJANDRA ESTRADA PALMERA | B65: ='3820 PASIVOS CALIFICACIÓN Y ...'!B64 -> 1050968344 | C65: PARQUE INDUSTRIAL CELTA BOD. 144 | D65: 25473 MOSQUERA-CUNDINAMARCA | E65: 80 80 - COLOMBIA | F65: 5 NINGUNO | K65: PRIMA SERVICIOS | L65: ='3820 PASIVOS CALIFICACIÓN Y ...'!G64 -> 504467 | M65: =L65 -> 504467 | N65: =M65 -> 504467 | O65: =N65 -> 504467 | P65: =O65/$O$505 -> 0.00011405984
A66: ='3820 PASIVOS CALIFICACIÓN Y ...'!A65 -> MAYRA ALEJANDRA ESTRADA PALMERA | B66: ='3820 PASIVOS CALIFICACIÓN Y ...'!B65 -> 1050968344 | C66: PARQUE INDUSTRIAL CELTA BOD. 144 | D66: 25473 MOSQUERA-CUNDINAMARCA | E66: 80 80 - COLOMBIA | F66: 5 NINGUNO | K66: CESANTIAS | L66: ='3820 PASIVOS CALIFICACIÓN Y ...'!G65 -> 1585467 | M66: =L66 -> 1585467 | N66: =M66 -> 1585467 | O66: =N66 -> 1585467 | P66: =O66/$O$505 -> 0.00035847361
A67: ='3820 PASIVOS CALIFICACIÓN Y ...'!A66 -> MAYRA ALEJANDRA ESTRADA PALMERA | B67: ='3820 PASIVOS CALIFICACIÓN Y ...'!B66 -> 1050968344 | C67: PARQUE INDUSTRIAL CELTA BOD. 144 | D67: 25473 MOSQUERA-CUNDINAMARCA | E67: 80 80 - COLOMBIA | F67: 5 NINGUNO | K67: INTERES CESANTIAS | L67: ='3820 PASIVOS CALIFICACIÓN Y ...'!G66 -> 139522 | M67: =L67 -> 139522 | N67: =M67 -> 139522 | O67: =N67 -> 139522 | P67: =O67/$O$505 -> 3.1545882e-05
A68: ='3820 PASIVOS CALIFICACIÓN Y ...'!A67 -> MAYRA ALEJANDRA ESTRADA PALMERA | B68: ='3820 PASIVOS CALIFICACIÓN Y ...'!B67 -> 1050968344 | C68: PARQUE INDUSTRIAL CELTA BOD. 144 | D68: 25473 MOSQUERA-CUNDINAMARCA | E68: 80 80 - COLOMBIA | F68: 5 NINGUNO | K68: VACACIONES | L68: ='3820 PASIVOS CALIFICACIÓN Y ...'!G67 -> 900000 | M68: =L68 -> 900000 | N68: =M68 -> 900000 | O68: =N68 -> 900000 | P68: =O68/$O$505 -> 0.00020348973
A69: Total MAYRA ALEJANDRA ESTRADA PALMERA | L69: =SUBTOTAL(9,L65:L68) -> 3129456 | M69: =SUBTOTAL(9,M65:M68) -> 3129456 | N69: =SUBTOTAL(9,N65:N68) -> 3129456 | O69: =SUBTOTAL(9,O65:O68) -> 3129456 | P69: =SUBTOTAL(9,P65:P68) -> 0.00070756905
A70: ='3820 PASIVOS CALIFICACIÓN Y ...'!A69 -> SANDRA MAGALI LOZANO MODERA | B70: ='3820 PASIVOS CALIFICACIÓN Y ...'!B69 -> 52048695 | C70: PARQUE INDUSTRIAL CELTA BOD. 144 | D70: 25473 MOSQUERA-CUNDINAMARCA | E70: 80 80 - COLOMBIA | F70: 5 NINGUNO | K70: VACACIONES | L70: ='3820 PASIVOS CALIFICACIÓN Y ...'!G69 -> 18202235 | M70: =L70 -> 18202235 | N70: =M70 -> 18202235 | O70: =N70 -> 18202235 | P70: =O70/$O$505 -> 0.0041155198
A71: Total SANDRA MAGALI LOZANO MODERA | L71: =SUBTOTAL(9,L70:L70) -> 18202235 | M71: =SUBTOTAL(9,M70:M70) -> 18202235 | N71: =SUBTOTAL(9,N70:N70) -> 18202235 | O71: =SUBTOTAL(9,O70:O70) -> 18202235 | P71: =SUBTOTAL(9,P70:P70) -> 0.0041155198
A72: ='3820 PASIVOS CALIFICACIÓN Y ...'!A71 -> YAZMIN ALEXANDRA BOHORQUEZ GARCIA | B72: ='3820 PASIVOS CALIFICACIÓN Y ...'!B71 -> 1032424244 | C72: PARQUE INDUSTRIAL CELTA BOD. 144 | D72: 25473 MOSQUERA-CUNDINAMARCA | E72: 80 80 - COLOMBIA | F72: 5 NINGUNO | K72: PRIMA SERVICIOS | L72: ='3820 PASIVOS CALIFICACIÓN Y ...'!G71 -> 2376403 | M72: =L72 -> 2376403 | N72: =M72 -> 2376403 | O72: =N72 -> 2376403 | P72: =O72/$O$505 -> 0.000537304
A73: ='3820 PASIVOS CALIFICACIÓN Y ...'!A72 -> YAZMIN ALEXANDRA BOHORQUEZ GARCIA | B73: ='3820 PASIVOS CALIFICACIÓN Y ...'!B72 -> 1032424244 | C73: PARQUE INDUSTRIAL CELTA BOD. 144 | D73: 25473 MOSQUERA-CUNDINAMARCA | E73: 80 80 - COLOMBIA | F73: 5 NINGUNO | K73: CESANTIAS | L73: ='3820 PASIVOS CALIFICACIÓN Y ...'!G72 -> 9385402 | M73: =L73 -> 9385402 | N73: =M73 -> 9385402 | O73: =N73 -> 9385402 | P73: =O73/$O$505 -> 0.0021220365
A74: ='3820 PASIVOS CALIFICACIÓN Y ...'!A73 -> YAZMIN ALEXANDRA BOHORQUEZ GARCIA | B74: ='3820 PASIVOS CALIFICACIÓN Y ...'!B73 -> 1032424244 | C74: PARQUE INDUSTRIAL CELTA BOD. 144 | D74: 25473 MOSQUERA-CUNDINAMARCA | E74: 80 80 - COLOMBIA | F74: 5 NINGUNO | K74: INTERES CESANTIAS | L74: ='3820 PASIVOS CALIFICACIÓN Y ...'!G73 -> 829043 | M74: =L74 -> 829043 | N74: =M74 -> 829043 | O74: =N74 -> 829043 | P74: =O74/$O$505 -> 0.00018744637
A75: ='3820 PASIVOS CALIFICACIÓN Y ...'!A74 -> YAZMIN ALEXANDRA BOHORQUEZ GARCIA | B75: ='3820 PASIVOS CALIFICACIÓN Y ...'!B74 -> 1032424244 | C75: PARQUE INDUSTRIAL CELTA BOD. 144 | D75: 25473 MOSQUERA-CUNDINAMARCA | E75: 80 80 - COLOMBIA | F75: 5 NINGUNO | K75: VACACIONES | L75: ='3820 PASIVOS CALIFICACIÓN Y ...'!G74 -> 1881652 | M75: =L75 -> 1881652 | N75: =M75 -> 1881652 | O75: =N75 -> 1881652 | P75: =O75/$O$505 -> 0.00042544095
A76: Total YAZMIN ALEXANDRA BOHORQUEZ GARCIA | L76: =SUBTOTAL(9,L72:L75) -> 14472500 | M76: =SUBTOTAL(9,M72:M75) -> 14472500 | N76: =SUBTOTAL(9,N72:N75) -> 14472500 | O76: =SUBTOTAL(9,O72:O75) -> 14472500 | P76: =SUBTOTAL(9,P72:P75) -> 0.0032722279
A77: ='3820 PASIVOS CALIFICACIÓN Y ...'!A76 -> YERSON STEVEN MANJARRES ORTEGA | B77: ='3820 PASIVOS CALIFICACIÓN Y ...'!B76 -> 1073246378 | C77: PARQUE INDUSTRIAL CELTA BOD. 144 | D77: 25473 MOSQUERA-CUNDINAMARCA | E77: 80 80 - COLOMBIA | F77: 5 NINGUNO | K77: PRIMA SERVICIOS | L77: ='3820 PASIVOS CALIFICACIÓN Y ...'!G76 -> 277454 | M77: =L77 -> 277454 | N77: =M77 -> 277454 | O77: =N77 -> 277454 | P77: =O77/$O$505 -> 6.2732265e-05
A78: ='3820 PASIVOS CALIFICACIÓN Y ...'!A77 -> YERSON STEVEN MANJARRES ORTEGA | B78: ='3820 PASIVOS CALIFICACIÓN Y ...'!B77 -> 1073246378 | C78: PARQUE INDUSTRIAL CELTA BOD. 144 | D78: 25473 MOSQUERA-CUNDINAMARCA | E78: 80 80 - COLOMBIA | F78: 5 NINGUNO | K78: CESANTIAS | L78: ='3820 PASIVOS CALIFICACIÓN Y ...'!G77 -> 1083715 | M78: =L78 -> 1083715 | N78: =M78 -> 1083715 | O78: =N78 -> 1083715 | P78: =O78/$O$505 -> 0.00024502763
A79: ='3820 PASIVOS CALIFICACIÓN Y ...'!A78 -> YERSON STEVEN MANJARRES ORTEGA | B79: ='3820 PASIVOS CALIFICACIÓN Y ...'!B78 -> 1073246378 | C79: PARQUE INDUSTRIAL CELTA BOD. 144 | D79: 25473 MOSQUERA-CUNDINAMARCA | E79: 80 80 - COLOMBIA | F79: 5 NINGUNO | K79: INTERES CESANTIAS | L79: ='3820 PASIVOS CALIFICACIÓN Y ...'!G78 -> 88865 | M79: =L79 -> 88865 | N79: =M79 -> 88865 | O79: =N79 -> 88865 | P79: =O79/$O$505 -> 2.009235e-05
A80: ='3820 PASIVOS CALIFICACIÓN Y ...'!A79 -> YERSON STEVEN MANJARRES ORTEGA | B80: ='3820 PASIVOS CALIFICACIÓN Y ...'!B79 -> 1073246378 | C80: PARQUE INDUSTRIAL CELTA BOD. 144 | D80: 25473 MOSQUERA-CUNDINAMARCA | E80: 80 80 - COLOMBIA | F80: 5 NINGUNO | K80: VACACIONES | L80: ='3820 PASIVOS CALIFICACIÓN Y ...'!G79 -> 635618 | M80: =L80 -> 635618 | N80: =M80 -> 635618 | O80: =N80 -> 635618 | P80: =O80/$O$505 -> 0.00014371304
A81: Total YERSON STEVEN MANJARRES ORTEGA | L81: =SUBTOTAL(9,L77:L80) -> 2085652 | M81: =SUBTOTAL(9,M77:M80) -> 2085652 | N81: =SUBTOTAL(9,N77:N80) -> 2085652 | O81: =SUBTOTAL(9,O77:O80) -> 2085652 | P81: =SUBTOTAL(9,P77:P80) -> 0.00047156529
A82: Total general | L82: =SUBTOTAL(9,L11:L80) -> 103766426 | M82: =SUBTOTAL(9,M11:M80) -> 103766426 | N82: =SUBTOTAL(9,N11:N80) -> 103766426 | O82: =SUBTOTAL(9,O11:O80) -> 103766426 | P82: =SUBTOTAL(9,P11:P81) -> 0.023461557
A85: CLASE B
A86: Nombre o Razón Social | B86: Nit o Cédula de Ciudadanía | C86: Dirección de Notificación | D86: Ciudad o Municipio | E86: País | F86: Tipo de Vinculo con el Deudor, Socios, Admon o Controlante? | K86: No de la Obligación | L86: Saldo de Capital por Pagar | M86: Saldo Capital Vencido | N86: Valor Capital Vencido-Actualizado IPC DANE | O86: Derechos de Voto | P86: Participación Derechos de Voto (%)
A87: ='3820 PASIVOS CALIFICACIÓN Y ...'!A93 -> COMPENSAR | B87: ='3820 PASIVOS CALIFICACIÓN Y ...'!B93 -> 860066942 | C87: Avenida 68 # 49A-47, Bogotá D.C | D87: 11001 BOGOTA-D.C.-BOGOTA D.C. | E87: 80 80 - COLOMBIA | F87: 5 NINGUNO | G87: 2019-10 | H87: 103.43 | I87: 144.02 | J87: =I87/H87 -> 1.3924393 | K87: ='3820 PASIVOS CALIFICACIÓN Y ...'!F93 -> 2019-10 | L87: ='3820 PASIVOS CALIFICACIÓN Y ...'!G93 -> 24605.189 | M87: =L87 -> 24605.189 | N87: =M87*J87 -> 34261.233 | O87: =N87 -> 34261.233 | P87: =O87/$O$505 -> 7.7464545e-06
A88: ='3820 PASIVOS CALIFICACIÓN Y ...'!A94 -> COMPENSAR | B88: ='3820 PASIVOS CALIFICACIÓN Y ...'!B94 -> 860066942 | C88: Avenida 68 # 49A-47, Bogotá D.C | D88: 11001 BOGOTA-D.C.-BOGOTA D.C. | E88: 80 80 - COLOMBIA | F88: 5 NINGUNO | G88: 2019-11 | H88: 103.54 | I88: 144.02 | J88: =I88/H88 -> 1.39096 | K88: ='3820 PASIVOS CALIFICACIÓN Y ...'!F94 -> 2019-11 | L88: ='3820 PASIVOS CALIFICACIÓN Y ...'!G94 -> 10924.64 | M88: =L88 -> 10924.64 | N88: =M88*J88 -> 15195.737 | O88: =N88 -> 15195.737 | P88: =O88/$O$505 -> 3.4357516e-06
A89: ='3820 PASIVOS CALIFICACIÓN Y ...'!A95 -> COMPENSAR | B89: ='3820 PASIVOS CALIFICACIÓN Y ...'!B95 -> 860066942 | C89: Avenida 68 # 49A-47, Bogotá D.C | D89: 11001 BOGOTA-D.C.-BOGOTA D.C. | E89: 80 80 - COLOMBIA | F89: 5 NINGUNO | G89: 2019-12 | H89: 103.8 | I89: 144.02 | J89: =I89/H89 -> 1.3874759 | K89: ='3820 PASIVOS CALIFICACIÓN Y ...'!F95 -> 2019-12 | L89: ='3820 PASIVOS CALIFICACIÓN Y ...'!G95 -> 2328.2427 | M89: =L89 -> 2328.2427 | N89: =M89*J89 -> 3230.3806 | O89: =N89 -> 3230.3806 | P89: =O89/$O$505 -> 7.3038808e-07
A90: ='3820 PASIVOS CALIFICACIÓN Y ...'!A96 -> COMPENSAR | B90: ='3820 PASIVOS CALIFICACIÓN Y ...'!B96 -> 860066942 | C90: Avenida 68 # 49A-47, Bogotá D.C | D90: 11001 BOGOTA-D.C.-BOGOTA D.C. | E90: 80 80 - COLOMBIA | F90: 5 NINGUNO | G90: 2020-02 | H90: 104.94 | I90: 144.02 | J90: =I90/H90 -> 1.3724033 | K90: ='3820 PASIVOS CALIFICACIÓN Y ...'!F96 -> 2020-02 | L90: ='3820 PASIVOS CALIFICACIÓN Y ...'!G96 -> 9745.1507 | M90: =L90 -> 9745.1507 | N90: =M90*J90 -> 13374.277 | O90: =N90 -> 13374.277 | P90: =O90/$O$505 -> 3.0239199e-06
A91: ='3820 PASIVOS CALIFICACIÓN Y ...'!A97 -> COMPENSAR | B91: ='3820 PASIVOS CALIFICACIÓN Y ...'!B97 -> 860066942 | C91: Avenida 68 # 49A-47, Bogotá D.C | D91: 11001 BOGOTA-D.C.-BOGOTA D.C. | E91: 80 80 - COLOMBIA | F91: 5 NINGUNO | G91: 2020-03 | H91: 105.53 | I91: 144.02 | J91: =I91/H91 -> 1.3647304 | K91: ='3820 PASIVOS CALIFICACIÓN Y ...'!F97 -> 2020-03 | L91: ='3820 PASIVOS CALIFICACIÓN Y ...'!G97 -> 5690.84 | M91: =L91 -> 5690.84 | N91: =M91*J91 -> 7766.4624 | O91: =N91 -> 7766.4624 | P91: =O91/$O$505 -> 1.7559948e-06
A92: ='3820 PASIVOS CALIFICACIÓN Y ...'!A98 -> COMPENSAR | B92: ='3820 PASIVOS CALIFICACIÓN Y ...'!B98 -> 860066942 | C92: Avenida 68 # 49A-47, Bogotá D.C | D92: 11001 BOGOTA-D.C.-BOGOTA D.C. | E92: 80 80 - COLOMBIA | F92: 5 NINGUNO | G92: 2020-04 | H92: 105.7 | I92: 144.02 | J92: =I92/H92 -> 1.3625355 | K92: ='3820 PASIVOS CALIFICACIÓN Y ...'!F98 -> 2020-04 | L92: ='3820 PASIVOS CALIFICACIÓN Y ...'!G98 -> 9515.16 | M92: =L92 -> 9515.16 | N92: =M92*J92 -> 12964.743 | O92: =N92 -> 12964.743 | P92: =O92/$O$505 -> 2.9313245e-06
A93: ='3820 PASIVOS CALIFICACIÓN Y ...'!A99 -> COMPENSAR | B93: ='3820 PASIVOS CALIFICACIÓN Y ...'!B99 -> 860066942 | C93: Avenida 68 # 49A-47, Bogotá D.C | D93: 11001 BOGOTA-D.C.-BOGOTA D.C. | E93: 80 80 - COLOMBIA | F93: 5 NINGUNO | G93: 2020-05 | H93: 105.36 | I93: 144.02 | J93: =I93/H93 -> 1.3669324 | K93: ='3820 PASIVOS CALIFICACIÓN Y ...'!F99 -> 2020-05 | L93: ='3820 PASIVOS CALIFICACIÓN Y ...'!G99 -> 70448.48 | M93: =L93 -> 70448.48 | N93: =M93*J93 -> 96298.311 | O93: =N93 -> 96298.311 | P93: =O93/$O$505 -> 2.1773019e-05
A94: ='3820 PASIVOS CALIFICACIÓN Y ...'!A100 -> COMPENSAR | B94: ='3820 PASIVOS CALIFICACIÓN Y ...'!B100 -> 860066942 | C94: Avenida 68 # 49A-47, Bogotá D.C | D94: 11001 BOGOTA-D.C.-BOGOTA D.C. | E94: 80 80 - COLOMBIA | F94: 5 NINGUNO | G94: 2020-06 | H94: 104.97 | I94: 144.02 | J94: =I94/H94 -> 1.3720111 | K94: ='3820 PASIVOS CALIFICACIÓN Y ...'!F100 -> 2020-06 | L94: ='3820 PASIVOS CALIFICACIÓN Y ...'!G100 -> 35112.12 | M94: =L94 -> 35112.12 | N94: =M94*J94 -> 48174.217 | O94: =N94 -> 48174.217 | P94: =O94/$O$505 -> 1.0892176e-05
A95: ='3820 PASIVOS CALIFICACIÓN Y ...'!A101 -> COMPENSAR | B95: ='3820 PASIVOS CALIFICACIÓN Y ...'!B101 -> 860066942 | C95: Avenida 68 # 49A-47, Bogotá D.C | D95: 11001 BOGOTA-D.C.-BOGOTA D.C. | E95: 80 80 - COLOMBIA | F95: 5 NINGUNO | G95: 2020-07 | H95: 104.97 | I95: 144.02 | J95: =I95/H95 -> 1.3720111 | K95: ='3820 PASIVOS CALIFICACIÓN Y ...'!F101 -> 2020-07 | L95: ='3820 PASIVOS CALIFICACIÓN Y ...'!G101 -> 52437.049 | M95: =L95 -> 52437.049 | N95: =M95*J95 -> 71944.211 | O95: =N95 -> 71944.211 | P95: =O95/$O$505 -> 1.6266564e-05
A96: ='3820 PASIVOS CALIFICACIÓN Y ...'!A102 -> COMPENSAR | B96: ='3820 PASIVOS CALIFICACIÓN Y ...'!B102 -> 860066942 | C96: Avenida 68 # 49A-47, Bogotá D.C | D96: 11001 BOGOTA-D.C.-BOGOTA D.C. | E96: 80 80 - COLOMBIA | F96: 5 NINGUNO | G96: 2020-08 | H96: 104.96 | I96: 144.02 | J96: =I96/H96 -> 1.3721418 | K96: ='3820 PASIVOS CALIFICACIÓN Y ...'!F102 -> 2020-08 | L96: ='3820 PASIVOS CALIFICACIÓN Y ...'!G102 -> 130468.72 | M96: =L96 -> 130468.72 | N96: =M96*J96 -> 179021.58 | O96: =N96 -> 179021.58 | P96: =O96/$O$505 -> 4.0476725e-05
A97: ='3820 PASIVOS CALIFICACIÓN Y ...'!A103 -> COMPENSAR | B97: ='3820 PASIVOS CALIFICACIÓN Y ...'!B103 -> 860066942 | C97: Avenida 68 # 49A-47, Bogotá D.C | D97: 11001 BOGOTA-D.C.-BOGOTA D.C. | E97: 80 80 - COLOMBIA | F97: 5 NINGUNO | G97: 2020-09 | H97: 105.29 | I97: 144.02 | J97: =I97/H97 -> 1.3678412 | K97: ='3820 PASIVOS CALIFICACIÓN Y ...'!F103 -> 2020-09 | L97: ='3820 PASIVOS CALIFICACIÓN Y ...'!G103 -> 1370491.4 | M97: =L97 -> 1370491.4 | N97: =M97*J97 -> 1874614.7 | O97: =N97 -> 1874614.7 | P97: =O97/$O$505 -> 0.00042384981
A98: ='3820 PASIVOS CALIFICACIÓN Y ...'!A104 -> COMPENSAR | B98: ='3820 PASIVOS CALIFICACIÓN Y ...'!B104 -> 860066942 | C98: Avenida 68 # 49A-47, Bogotá D.C | D98: 11001 BOGOTA-D.C.-BOGOTA D.C. | E98: 80 80 - COLOMBIA | F98: 5 NINGUNO | G98: 2020-10 | H98: 105.23 | I98: 144.02 | J98: =I98/H98 -> 1.3686211 | K98: ='3820 PASIVOS CALIFICACIÓN Y ...'!F104 -> 2020-10 | L98: ='3820 PASIVOS CALIFICACIÓN Y ...'!G104 -> 1441379.9 | M98: =L98 -> 1441379.9 | N98: =M98*J98 -> 1972702.9 | O98: =N98 -> 1972702.9 | P98: =O98/$O$505 -> 0.00044602753
... A144: ='3820 PASIVOS CALIFICACIÓN Y ...'!A150 -> COMPENSAR | B144: ='3820 PASIVOS CALIFICACIÓN Y ...'!B150 -> 860066942 | C144: Avenida 68 # 49A-47, Bogotá D.C | D144: 11001 BOGOTA-D.C.-BOGOTA D.C. | E144: 80 80 - COLOMBIA | F144: 5 NINGUNO | G144: 2024-08 | H144: 143.67 | I144: 144.02 | J144: =I144/H144 -> 1.0024361 | K144: ='3820 PASIVOS CALIFICACIÓN Y ...'!F150 -> 2024-08 | L144: ='3820 PASIVOS CALIFICACIÓN Y ...'!G150 -> 341779.84 | M144: =L144 -> 341779.84 | N144: =M144*J144 -> 342612.46 | O144: =N144 -> 342612.46 | P144: =O144/$O$505 -> 7.7464574e-05
A145: Total COMPENSAR | I145: 144.02 | J145: =I145/H145 -> #DIV/0! | L145: =SUBTOTAL(9,L88:L144) -> 10198478 | M145: =SUBTOTAL(9,M88:M144) -> 10198478 | N145: =SUBTOTAL(9,N88:N144) -> 12285019 | O145: =SUBTOTAL(9,O88:O144) -> 12285019 | P145: =SUM(P87:P144) -> 0.0027853855
A146: ='3820 PASIVOS CALIFICACIÓN Y ...'!A83 -> DIAN | B146: ='3820 PASIVOS CALIFICACIÓN Y ...'!B83 -> 800197268 | C146: carrera 8 Nº 6C - 38 Edificio San Agustín | D146: 11001 BOGOTA-D.C.-BOGOTA D.C. | E146: 80 80 - COLOMBIA | F146: 5 NINGUNO | G146: 43344 | H146: 99.47 | I146: 144.02 | J146: =I146/H146 -> 1.4478737 | K146: ='3820 PASIVOS CALIFICACIÓN Y ...'!F83 -> 3003623221450 | L146: ='3820 PASIVOS CALIFICACIÓN Y ...'!G83 -> 13046000 | M146: =L146 -> 13046000 | N146: =M146*J146 -> 18888961 | O146: =N146 -> 18888961 | P146: =O146/$O$505 -> 0.0042707883
A147: ='3820 PASIVOS CALIFICACIÓN Y ...'!A84 -> DIAN | B147: ='3820 PASIVOS CALIFICACIÓN Y ...'!B84 -> 800197268 | C147: carrera 8 Nº 6C - 38 Edificio San Agustín | D147: 11001 BOGOTA-D.C.-BOGOTA D.C. | E147: 80 80 - COLOMBIA | F147: 5 NINGUNO | G147: 43525 | H147: 101.62 | I147: 144.02 | J147: =I147/H147 -> 1.4172407 | K147: ='3820 PASIVOS CALIFICACIÓN Y ...'!F84 -> 3004600559345 | L147: ='3820 PASIVOS CALIFICACIÓN Y ...'!G84 -> 14492000 | M147: =L147 -> 14492000 | N147: =M147*J147 -> 20538652 | O147: =N147 -> 20538652 | P147: =O147/$O$505 -> 0.004643783
A148: ='3820 PASIVOS CALIFICACIÓN Y ...'!A85 -> DIAN | B148: ='3820 PASIVOS CALIFICACIÓN Y ...'!B85 -> 800197268 | C148: carrera 8 Nº 6C - 38 Edificio San Agustín | D148: 11001 BOGOTA-D.C.-BOGOTA D.C. | E148: 80 80 - COLOMBIA | F148: 5 NINGUNO | G148: 43586 | H148: 102.44 | I148: 144.02 | J148: =I148/H148 -> 1.4058961 | K148: ='3820 PASIVOS CALIFICACIÓN Y ...'!F85 -> 3004504082193 | L148: ='3820 PASIVOS CALIFICACIÓN Y ...'!G85 -> 33087000 | M148: =L148 -> 33087000 | N148: =M148*J148 -> 46516885 | O148: =N148 -> 46516885 | P148: =O148/$O$505 -> 0.010517454
A149: ='3820 PASIVOS CALIFICACIÓN Y ...'!A86 -> DIAN | B149: ='3820 PASIVOS CALIFICACIÓN Y ...'!B86 -> 800197268 | C149: carrera 8 Nº 6C - 38 Edificio San Agustín | D149: 11001 BOGOTA-D.C.-BOGOTA D.C. | E149: 80 80 - COLOMBIA | F149: 5 NINGUNO | G149: 43647 | H149: 102.94 | I149: 144.02 | J149: =I149/H149 -> 1.3990674 | K149: ='3820 PASIVOS CALIFICACIÓN Y ...'!F86 -> 3004650107333 | L149: ='3820 PASIVOS CALIFICACIÓN Y ...'!G86 -> 90215000 | M149: =L149 -> 90215000 | N149: =M149*J149 -> 1.2621687e+08 | O149: =N149 -> 1.2621687e+08 | P149: =O149/$O$505 -> 0.028537595
...

Sheet 3820 PASIVOS CALIFICACIÓN Y ...
A1: Tipo Informe | B1: 32 | C1: 32-CALIFICACIÓN Y GRADUACIÓN DE CRÉDITOS Y DERECHO
A2: Formulario | B2: 3820 | C2: PASIVOS CALIFICACIÓN Y GRADUACIÓN DE CRÉDITOS - 820
A3: Moneda Informe | B3: 1
A4: Entidad | B4: 811012461
A5: Fecha | B5: 45543
A6: Periodicidad | B6: 1 | C6: NO APLICA
A9: Nombre o Razón Social | B9: Nit o Cédula de Ciudadanía | C9: Clase de Crédito | E9: FV | F9: No de la Obligación | G9: Saldo Capital por Pagar | H9: Identificación Bien en Garantía
A10: CLAUDIA PAOLA PAEZ CARDENAS | B10: 1121933265 | C10: LABORAL | D10: claudiapaez0118@gmail.com | E10: 45559 | F10: PRIMA SERVICIOS | G10: 590867
A11: CLAUDIA PAOLA PAEZ CARDENAS | B11: 1121933265 | C11: LABORAL | D11: claudiapaez0118@gmail.com | E11: 45559 | F11: CESANTIAS | G11: 1795173
A12: CLAUDIA PAOLA PAEZ CARDENAS | B12: 1121933265 | C12: LABORAL | D12: claudiapaez0118@gmail.com | E12: 45559 | F12: INTERES CESANTIAS | G12: 157976
A13: CLAUDIA PAOLA PAEZ CARDENAS | B13: 1121933265 | C13: LABORAL | D13: claudiapaez0118@gmail.com | E13: 45559 | F13: VACACIONES | G13: 326807
A14: Total CLAUDIA PAOLA PAEZ CARDENAS | G14: =SUBTOTAL(9,G10:G13) -> 2870823
A15: DANIEL HERNANDO GOMEZ GOMEZ | B15: 79946374 | C15: LABORAL | D15: dhgdaniel@hotmail.com | E15: 45559 | F15: PRIMA SERVICIOS | G15: 1983333
A16: DANIEL HERNANDO GOMEZ GOMEZ | B16: 79946374 | C16: LABORAL | D16: dhgdaniel@hotmail.com | E16: 45559 | F16: CESANTIAS | G16: 6233333
A17: DANIEL HERNANDO GOMEZ GOMEZ | B17: 79946374 | C17: LABORAL | D17: dhgdaniel@hotmail.com | E17: 45559 | F17: INTERES CESANTIAS | G17: 548533
A18: DANIEL HERNANDO GOMEZ GOMEZ | B18: 79946374 | C18: LABORAL | D18: dhgdaniel@hotmail.com | E18: 45559 | F18: VACACIONES | G18: 5023925
A19: Total DANIEL HERNANDO GOMEZ GOMEZ | G19: =SUBTOTAL(9,G15:G18) -> 13789124
A20: DANIELA CADENA PEÑA | B20: 1073254222 | C20: LABORAL | D20: daniecadena0516@gmail.com | E20: 45550 | F20: PRIMA SERVICIOS | G20: 231311
A21: DANIELA CADENA PEÑA | B21: 1073254222 | C21: LABORAL | D21: daniecadena0516@gmail.com | E21: 45550 | F21: CESANTIAS | G21: 231311
A22: DANIELA CADENA PEÑA | B22: 1073254222 | C22: LABORAL | D22: daniecadena0516@gmail.com | E22: 45550 | F22: INTERES CESANTIAS | G22: 4164
A23: DANIELA CADENA PEÑA | B23: 1073254222 | C23: LABORAL | D23: daniecadena0516@gmail.com | E23: 45550 | F23: VACACIONES | G23: 97500
A24: Total DANIELA CADENA PEÑA | G24: =SUBTOTAL(9,G20:G23) -> 564286
A25: DAVID ESTEBAN LAGUNA OSORIO | B25: 811012461 | C25: LABORAL | D25: davielo79@gmail.com | E25: 45534 | F25: PRIMA SERVICIOS | G25: 925838
A26: DAVID ESTEBAN LAGUNA OSORIO | B26: 811012461 | C26: LABORAL | D26: davielo79@gmail.com | E26: 45534 | F26: CESANTIAS | G26: 3628114
A27: DAVID ESTEBAN LAGUNA OSORIO | B27: 811012461 | C27: LABORAL | D27: davielo79@gmail.com | E27: 45534 | F27: INTERES CESANTIAS | G27: 291458
A28: DAVID ESTEBAN LAGUNA OSORIO | B28: 811012461 | C28: LABORAL | D28: davielo79@gmail.com | E28: 45534 | F28: VACACIONES | G28: 2125205
A29: Total DAVID ESTEBAN LAGUNA OSORIO | G29: =SUBTOTAL(9,G25:G28) -> 6970615
A30: DIANA MARCELA AMAYA PULIDO | B30: 53893563 | C30: LABORAL | D30: dianaamaya1525@gmail.com | E30: 45542 | F30: PRIMA SERVICIOS | G30: 285917
A31: DIANA MARCELA AMAYA PULIDO | B31: 53893563 | C31: LABORAL | D31: dianaamaya1525@gmail.com | E31: 45542 | F31: CESANTIAS | G31: 497225
A32: DIANA MARCELA AMAYA PULIDO | B32: 53893563 | C32: LABORAL | D32: dianaamaya1525@gmail.com | E32: 45542 | F32: INTERES CESANTIAS | G32: 19725
A33: DIANA MARCELA AMAYA PULIDO | B33: 53893563 | C33: LABORAL | D33: dianaamaya1525@gmail.com | E33: 45542 | F33: VACACIONES | G33: 207939
A34: Total DIANA MARCELA AMAYA PULIDO | G34: =SUBTOTAL(9,G30:G33) -> 1010806
A35: GINA PAOLA QUIROGA MOLANO | B35: 53097194 | C35: LABORAL | D35: gquirogamolano@gmail.com | E35: 45559 | F35: PRIMA SERVICIOS | G35: 1048533
A36: GINA PAOLA QUIROGA MOLANO | B36: 53097194 | C36: LABORAL | D36: gquirogamolano@gmail.com | E36: 45559 | F36: CESANTIAS | G36: 3186915
A37: GINA PAOLA QUIROGA MOLANO | B37: 53097194 | C37: LABORAL | D37: gquirogamolano@gmail.com | E37: 45559 | F37: INTERES CESANTIAS | G37: 280449
A38: GINA PAOLA QUIROGA MOLANO | B38: 53097194 | C38: LABORAL | D38: gquirogamolano@gmail.com | E38: 45559 | F38: VACACIONES | G38: 3440912
A39: Total GINA PAOLA QUIROGA MOLANO | G39: =SUBTOTAL(9,G35:G38) -> 7956809
A40: GISELA EMILSE GONZALES RAMOS | B40: 1003566790 | C40: LABORAL | D40: gisellgonzalez490@gmail.com | E40: 45559 | F40: PRIMA SERVICIOS | G40: 427971
A41: GISELA EMILSE GONZALES RAMOS | B41: 1003566790 | C41: LABORAL | D41: gisellgonzalez490@gmail.com | E41: 45559 | F41: CESANTIAS | G41: 1345051
A42: GISELA EMILSE GONZALES RAMOS | B42: 1003566790 | C42: LABORAL | D42: gisellgonzalez490@gmail.com | E42: 45559 | F42: INTERES CESANTIAS | G42: 118365
A43: GISELA EMILSE GONZALES RAMOS | B43: 1003566790 | C43: LABORAL | D43: gisellgonzalez490@gmail.com | E43: 45559 | F43: VACACIONES | G43: 311267
A44: Total GISELA EMILSE GONZALES RAMOS | G44: =SUBTOTAL(9,G40:G43) -> 2202654
A45: JEIDY ALEXANDRA MANJARREZ ROMERO | B45: 1074190602 | C45: LABORAL | D45: fundec.manjarrezjeidy@gmail.com | E45: 45534 | F45: PRIMA SERVICIOS | G45: 255380
A46: JEIDY ALEXANDRA MANJARREZ ROMERO | B46: 1074190602 | C46: LABORAL | D46: fundec.manjarrezjeidy@gmail.com | E46: 45534 | F46: CESANTIAS | G46: 1045362
A47: JEIDY ALEXANDRA MANJARREZ ROMERO | B47: 1074190602 | C47: LABORAL | D47: fundec.manjarrezjeidy@gmail.com | E47: 45534 | F47: INTERES CESANTIAS | G47: 83978
A48: JEIDY ALEXANDRA MANJARREZ ROMERO | B48: 1074190602 | C48: LABORAL | D48: fundec.manjarrezjeidy@gmail.com | E48: 45534 | F48: VACACIONES | G48: 433559
A49: Total JEIDY ALEXANDRA MANJARREZ ROMERO | G49: =SUBTOTAL(9,G45:G48) -> 1818279
A50: JUAN MANUEL APONTE BARRAGAN | B50: 79859740 | C50: LABORAL | D50: txtimage@gmail.com | E50: 45559 | F50: PRIMA SERVICIOS | G50: 511857
A51: JUAN MANUEL APONTE BARRAGAN | B51: 79859740 | C51: LABORAL | D51: txtimage@gmail.com | E51: 45559 | F51: CESANTIAS | G51: 1310114
A52: JUAN MANUEL APONTE BARRAGAN | B52: 79859740 | C52: LABORAL | D52: txtimage@gmail.com | E52: 45559 | F52: INTERES CESANTIAS | G52: 93892
A53: JUAN MANUEL APONTE BARRAGAN | B53: 79859740 | C53: LABORAL | D53: txtimage@gmail.com | E53: 45559 | F53: VACACIONES | G53: 606678
A54: Total JUAN MANUEL APONTE BARRAGAN | G54: =SUBTOTAL(9,G50:G53) -> 2522541
A55: LINA MARIA SANTAMARIA ALVAREZ | B55: 1016025738 | C55: LABORAL | D55: lina.santamaria@hotmail.com | E55: 45559 | F55: PRIMA SERVICIOS | G55: 1633333
A56: LINA MARIA SANTAMARIA ALVAREZ | B56: 1016025738 | C56: LABORAL | D56: lina.santamaria@hotmail.com | E56: 45559 | F56: CESANTIAS | G56: 5133333
A57: LINA MARIA SANTAMARIA ALVAREZ | B57: 1016025738 | C57: LABORAL | D57: lina.santamaria@hotmail.com | E57: 45559 | F57: INTERES CESANTIAS | G57: 451734
A58: LINA MARIA SANTAMARIA ALVAREZ | B58: 1016025738 | C58: LABORAL | D58: lina.santamaria@hotmail.com | E58: 45559 | F58: VACACIONES | G58: 2897230
A59: Total LINA MARIA SANTAMARIA ALVAREZ | G59: =SUBTOTAL(9,G55:G58) -> 10115630
A60: LINA MERCEDES MAYA SALAZAR | B60: 43555162 | C60: LABORAL | D60: lina.maya.sa@gmail.com | E60: 45560 | F60: VACACIONES | G60: 2602617
A61: Total LINA MERCEDES MAYA SALAZAR | G61: =SUBTOTAL(9,G60:G60) -> 2602617
A62: MARIA CONSUELO PAREJA SIERRA | B62: 52416735 | C62: LABORAL | D62: mariaconsuelop_236@hotmail.com | E62: 45559 | F62: VACACIONES | G62: 13452399
A63: Total MARIA CONSUELO PAREJA SIERRA | G63: =SUBTOTAL(9,G62:G62) -> 13452399
A64: MAYRA ALEJANDRA ESTRADA PALMERA | B64: 1050968344 | C64: LABORAL | D64: mayraestradapalmera@hotmail.com | E64: 45559 | F64: PRIMA SERVICIOS | G64: 504467
A65: MAYRA ALEJANDRA ESTRADA PALMERA | B65: 1050968344 | C65: LABORAL | D65: mayraestradapalmera@hotmail.com | E65: 45559 | F65: CESANTIAS | G65: 1585467
A66: MAYRA ALEJANDRA ESTRADA PALMERA | B66: 1050968344 | C66: LABORAL | D66: mayraestradapalmera@hotmail.com | E66: 45559 | F66: INTERES CESANTIAS | G66: 139522
A67: MAYRA ALEJANDRA ESTRADA PALMERA | B67: 1050968344 | C67: LABORAL | D67: mayraestradapalmera@hotmail.com | E67: 45559 | F67: VACACIONES | G67: 900000
A68: Total MAYRA ALEJANDRA ESTRADA PALMERA | G68: =SUBTOTAL(9,G64:G67) -> 3129456
A69: SANDRA MAGALI LOZANO MODERA | B69: 52048695 | C69: LABORAL | D69: sandralozanomodera@gmail.com | E69: 45158 | F69: VACACIONES | G69: 18202235
A70: Total SANDRA MAGALI LOZANO MODERA | G70: =SUBTOTAL(9,G69:G69) -> 18202235
A71: YAZMIN ALEXANDRA BOHORQUEZ GARCIA | B71: 1032424244 | C71: LABORAL | D71: alexandrabohorq@gmail.com | E71: 45560 | F71: PRIMA SERVICIOS | G71: =3010403-634000 -> 2376403
A72: YAZMIN ALEXANDRA BOHORQUEZ GARCIA | B72: 1032424244 | C72: LABORAL | D72: alexandrabohorq@gmail.com | E72: 45560 | F72: CESANTIAS | G72: 9385402
A73: YAZMIN ALEXANDRA BOHORQUEZ GARCIA | B73: 1032424244 | C73: LABORAL | D73: alexandrabohorq@gmail.com | E73: 45560 | F73: INTERES CESANTIAS | G73: 829043
A74: YAZMIN ALEXANDRA BOHORQUEZ GARCIA | B74: 1032424244 | C74: LABORAL | D74: alexandrabohorq@gmail.com | E74: 45560 | F74: VACACIONES | G74: 1881652
A75: Total YAZMIN ALEXANDRA BOHORQUEZ GARCIA | G75: =SUBTOTAL(9,G71:G74) -> 14472500
A76: YERSON STEVEN MANJARRES ORTEGA | B76: 1073246378 | C76: LABORAL | D76: manjarresyerson777@gmail.com | E76: 45541 | F76: PRIMA SERVICIOS | G76: 277454
A77: YERSON STEVEN MANJARRES ORTEGA | B77: 1073246378 | C77: LABORAL | D77: manjarresyerson777@gmail.com | E77: 45541 | F77: CESANTIAS | G77: 1083715
A78: YERSON STEVEN MANJARRES ORTEGA | B78: 1073246378 | C78: LABORAL | D78: manjarresyerson777@gmail.com | E78: 45541 | F78: INTERES CESANTIAS | G78: 88865
A79: YERSON STEVEN MANJARRES ORTEGA | B79: 1073246378 | C79: LABORAL | D79: manjarresyerson777@gmail.com | E79: 45541 | F79: VACACIONES | G79: 635618
A80: Total YERSON STEVEN MANJARRES ORTEGA | G80: =SUBTOTAL(9,G76:G79) -> 2085652
A81: TOTAL LABORAL | G81: =SUBTOTAL(9,G10:G79) -> 103766426
A83: DIAN | B83: 800197268 | C83: FISCAL | D83: mquirogas@dian.gov.co | E83: VENTAS 2018-4 | F83: 3003623221450 | G83: 13046000
A84: DIAN | B84: 800197268 | C84: FISCAL | D84: mquirogas@dian.gov.co | E84: VENTAS 2019-1 | F84: 3004600559345 | G84: 14492000
A85: DIAN | B85: 800197268 | C85: FISCAL | D85: mquirogas@dian.gov.co | E85: VENTAS-2019-2 | F85: 3004504082193 | G85: 33087000
A86: DIAN | B86: 800197268 | C86: FISCAL | D86: mquirogas@dian.gov.co | E86: VENTAS-2019-3 | F86: 3004650107333 | G86: 90215000
A87: DIAN | B87: 800197268 | C87: FISCAL | D87: mquirogas@dian.gov.co | E87: VENTAS 2019-6 | F87: 3004614785563 | G87: 58588000
A88: DIAN | B88: 800197268 | C88: FISCAL | D88: mquirogas@dian.gov.co | E88: VENTAS - 2020-1 | F88: 3004615796003 | G88: 73592000
A89: DIAN | B89: 800197268 | C89: FISCAL | D89: mquirogas@dian.gov.co | E89: VENTAS 2024-1 | F89: 3004658294036 | G89: 89153000
A90: DIAN | B90: 800197268 | C90: FISCAL | D90: mquirogas@dian.gov.co | E90: VENTAS 2024-4 | F90: 3004692025203 | G90: 109644000
A91: Total DIAN | G91: =SUM(G83:G90) -> 481817000
A92: TOTAL FISCALES | G92: =G91 -> 481817000
A93: COMPENSAR | B93: 860066942 | C93: PARAFISCAL | D93: WIALGECIRAC@compensar.com | E93: 45586 | F93: 2019-10 | G93: 24605.189
A94: COMPENSAR | B94: 860066942 | C94: PARAFISCAL | D94: WIALGECIRAC@compensar.com | E94: 45586 | F94: 2019-11 | G94: 10924.64
A95: COMPENSAR | B95: 860066942 | C95: PARAFISCAL | D95: WIALGECIRAC@compensar.com | E95: 45586 | F95: 2019-12 | G95: 2328.2427
A96: COMPENSAR | B96: 860066942 | C96: PARAFISCAL | D96: WIALGECIRAC@compensar.com | E96: 45586 | F96: 2020-02 | G96: 9745.1507
A97: COMPENSAR | B97: 860066942 | C97: PARAFISCAL | D97: WIALGECIRAC@compensar.com | E97: 45586 | F97: 2020-03 | G97: 5690.84
A98: COMPENSAR | B98: 860066942 | C98: PARAFISCAL | D98: WIALGECIRAC@compensar.com | E98: 45586 | F98: 2020-04 | G98: 9515.16
A99: COMPENSAR | B99: 860066942 | C99: PARAFISCAL | D99: WIALGECIRAC@compensar.com | E99: 45586 | F99: 2020-05 | G99: 70448.48
A100: COMPENSAR | B100: 860066942 | C100: PARAFISCAL | D100: WIALGECIRAC@compensar.com | E100: 45586 | F100: 2020-06 | G100: 35112.12
A101: COMPENSAR | B101: 860066942 | C101: PARAFISCAL | D101: WIALGECIRAC@compensar.com | E101: 45586 | F101: 2020-07 | G101: 52437.049
A102: COMPENSAR | B102: 860066942 | C102: PARAFISCAL | D102: WIALGECIRAC@compensar.com | E102: 45586 | F102: 2020-08 | G102: 130468.72
A103: COMPENSAR | B103: 860066942 | C103: PARAFISCAL | D103: WIALGECIRAC@compensar.com | E103: 45586 | F103: 2020-09 | G103: 1370491.4
...

Sheet Hoja1
